cohdb
Replays
Latest Replays
All Replays
Popular Replays
Top Player Replays
Match Explorer
How It Works
Community
CoH3 Stats
Reddit
Sign in to upload your games and track your stats! →
Sign in with Steam
Match 28335005
Unlisted
Match 28335005
Overview
Messages
Build Orders
End
Construct Infanterie Kompanie
Kettenkrad Recon Vehicle
Grenadier Squad
Selects Breakthrough Battlegroup
MG 42 Machine Gun Team
Grenadier Squad
MG 42 Machine Gun Team
Construct Panzergrenadier Kompanie
Selects Assault Grenadiers
Selects Smoke Bombing Run
Pak 40 Anti-tank Gun Team
Medical Bunker
Panzergrenadier Squad
Construct Panzer Kompanie
Stoßtruppen Squad
Selects Rapid Production
Panzer IV Medium Tank
Pioneer Squad
Stoßtruppen Squad
Selects Blitzkrieg
Medical Bunker
Selects Tiger Heavy Tank
Tiger Heavy Tank
Panzer IV Medium Tank
MG 42 Machine Gun Team
Wrathment
Armordillo
0
0
Comments
sign in to comment!
No comments posted yet!